[Event "Titled Tuesday Blitz December 20 Late 2022"]
[White "Iliaguev, Nisim"]
[Black "Sjugirov, Sanan"]
[WhiteFideId "2817276"]
[BlackFideId "4189302"]
[WhiteElo "2241"]
[BlackElo "2613"]
[Result "0-1"]
[Round "05"]
[TimeControl "180+1"]
[Date "2022.12.20"]
[WhiteClock "0:00:13"]
[BlackClock "0:00:09"]

1. d4 Nf6 2. Nf3 d5 3. g3 g6 4. Bg2 Bg7 5. O-O O-O 6. c4 c6 7. cxd5 cxd5 8. Nc3 b6 9. Ne5 Bb7 10. Bg5 e6 11. Rc1 h6 12. Bxf6 Bxf6 13. Nb5 a6 14. Nc7 Bxe5 15. dxe5 Ra7 16. Qd3 Kg7 17. e4 dxe4 18. Qd6 Bc6 19. Rxc6 Nxc6 20. Nxe6+ fxe6 21. Qxc6 Qd4 22. Bxe4 Raf7 23. Qc2 g5 24. Bh7 Qxe5 25. Qg6+ Kh8 26. Qxh6 Qg7 27. Qxg7+ Kxg7 28. Bd3 b5 29. Be4 Rd7 30. Rc1 Rd2 31. f3 Rxb2 32. Rc7+ Rf7 33. Rc6 Rd7 34. Rc1 Rxa2 35. h4 gxh4 36. gxh4 Rdd2 37. f4 b4 38. Bb1 Rab2 39. Be4 a5 40. h5 a4 41. Rc7+ Kf6 42. Rc1 Re2 43. Bd3 Rg2+ 44. Kf1 Rh2 45. Be4 Rxh5 46. Rc6 Rhh2 47. f5 Rhf2+ 48. Kg1 Rxf5 49. Bxf5 Kxf5 50. Ra6 a3 51. Kf1 a2 52. Ke1 Rb1+ 53. Kd2 a1=Q 54. Ra5+ Qxa5 0-1


[Site "https://www.chess.com"]

[Event "Titled Tuesday Blitz December 20 Late 2022"]
[White "Indjic, Aleksandar"]
[Black "Krishnan, Varun"]
[WhiteFideId "911925"]
[BlackFideId "5054508"]
[WhiteElo "2616"]
[BlackElo "2605"]
[Result "1-0"]
[Round "05"]
[TimeControl "180+1"]
[Date "2022.12.20"]
[WhiteClock "0:00:14"]
[BlackClock "0:00:01"]

1. d4 Nf6 2. Bg5 Ne4 3. h4 Nxg5 4. hxg5 d5 5. c3 e5 6. dxe5 Qxg5 7. Nf3 Qd8 8. Nbd2 Nc6 9. Nb3 Bg4 10. Nbd4 Qd7 11. g3 O-O-O 12. Nxc6 Qxc6 13. Bh3 Bxh3 14. Rxh3 Bc5 15. Qd3 Qb6 16. b4 Bxf2+ 17. Kf1 Be3 18. Rxh7 d4 19. cxd4 Rxh7 20. Qxh7 Qxb4 21. Rd1 Qa4 22. Rd3 Bh6 23. Qf5+ Rd7 24. g4 g6 25. Qf6 Bf8 26. e6 Re7 27. d5 Qxg4 28. Ne5 Qe4 29. Qh8 Re8 30. Nxf7 Qf5+ 31. Rf3 Qb1+ 32. Kg2 Qe4 33. e3 Qg4+ 34. Kf2 Qc4 35. Ne5 Qc2+ 36. Kg3 Qd1 37. e7 Qg1+ 38. Kf4 1-0


[Site "https://www.chess.com"]

[Event "Titled Tuesday Blitz December 20 Late 2022"]
[White "Itkis, Boris"]
[Black "Zhukov, Maksim"]
[WhiteFideId "1209167"]
[BlackFideId "34181790"]
[WhiteElo "2216"]
[BlackElo "1929"]
[Result "1-0"]
[Round "05"]
[TimeControl "180+1"]
[Date "2022.12.21"]
[WhiteClock "0:00:18"]
[BlackClock "0:00:31"]

1. c4 g6 2. Nf3 Bg7 3. d4 Nf6 4. g3 O-O 5. Bg2 d6 6. O-O Nc6 7. d5 Na5 8. Na3 c5 9. Re1 Bf5 10. Nh4 Bg4 11. h3 Bd7 12. e4 e6 13. Bd2 exd5 14. exd5 Rb8 15. Bc3 b6 16. Qd2 Nb7 17. Re2 a6 18. b3 b5 19. Bb2 Na5 20. cxb5 axb5 21. b4 Nc4 22. Nxc4 bxc4 23. bxc5 dxc5 24. Bc3 Ra8 25. Nf3 Bf5 26. Ne5 Ra4 27. Nc6 Qd7 28. d6 Bd3 29. Ne7+ Kh8 30. Bc6 Qxd6 31. Bxa4 Qa6 32. Bc2 Bxe2 33. Qxe2 Re8 34. Bxf6 Bxf6 35. Nxg6+ hxg6 36. Qxe8+ Kg7 37. Re1 Qxa2 38. Qe4 Bd4 39. Re2 Qa1+ 40. Kg2 Qc1 41. h4 Qh6 42. Qf4 Qh5 43. Re7 Qd5+ 44. Be4 Be5 45. Bxd5 Bxf4 46. Rxf7+ Kh6 47. Rxf4 c3 48. Rc4 g5 49. hxg5+ Kxg5 50. Rxc5 Kf6 51. Rxc3 Kg7 52. Bf3 Kh8 53. g4 Kg7 54. Rc5 Kh8 55. Kg3 Kg7 56. Bg2 Kh8 57. f4 Kg7 58. g5 Kh8 59. Kg4 Kg7 60. f5 Kh8 61. f6 Kg8 62. Bd5+ Kh7 63. Be4+ Kg8 64. Rc8+ Kf7 65. Bd5+ Kg6 66. f7 Kh7 67. Rh8+ Kxh8 68. f8=Q+ Kh7 69. Qh6# 1-0


[Site "https://www.chess.com"]

[Event "Titled Tuesday Blitz December 20 Late 2022"]
[White "Janaszak, Dawid"]
[Black "Dias, Joao Batista"]
[WhiteFideId "1119206"]
[BlackFideId "2108240"]
[WhiteElo "2220"]
[BlackElo "1898"]
[Result "1-0"]
[Round "05"]
[TimeControl "180+1"]
[Date "2022.12.21"]
[WhiteClock "0:00:55"]
[BlackClock "0:00:12"]

1. e4 e5 2. Ne2 Nf6 3. f4 Nxe4 4. d3 Nc5 5. fxe5 d6 6. Bf4 dxe5 7. Bxe5 Nc6 8. Bg3 Bd6 9. Nbc3 Bxg3+ 10. Nxg3 O-O 11. Qh5 Re8+ 12. Be2 Re5 13. Qf3 Nd4 14. Qf4 Nxc2+ 15. Kd2 Rxe2+ 16. Ngxe2 Nxa1 17. Rxa1 Qxd3+ 18. Ke1 Bf5 19. Qxc7 Qc4 20. Qe7 Nd3+ 21. Kf1 Qc6 22. Nd4 Qg6 23. Qxb7 Re8 24. Nd5 Kh8 25. Qb5 Rd8 26. Ne7 Qf6 27. Nexf5 Rxd4 28. Qe8# 1-0


[Site "https://www.chess.com"]

[Event "Titled Tuesday Blitz December 20 Late 2022"]
[White "Jaracz, Pawel"]
[Black "Dubov, Daniil"]
[WhiteFideId "1102222"]
[BlackFideId "24126055"]
[WhiteElo "2460"]
[BlackElo "2792"]
[Result "1-0"]
[Round "05"]
[TimeControl "180+1"]
[Date "2022.12.20"]
[WhiteClock "0:01:13"]
[BlackClock "0:00:03"]

1. e4 g6 2. d4 d6 3. Nc3 Bg7 4. Be3 a6 5. g4 b5 6. Bg2 Bb7 7. h4 b4 8. Nce2 f6 9. Nf4 e5 10. Ne6 Qe7 11. Nxg7+ Qxg7 12. Qd2 Ne7 13. Qxb4 Bc8 14. Qc3 exd4 15. Bxd4 O-O 16. g5 Qf7 17. Bxf6 Nbc6 18. Ne2 Be6 19. Nf4 Ne5 20. Qxc7 1-0


[Site "https://www.chess.com"]

[Event "Titled Tuesday Blitz December 20 Late 2022"]
[White "Jobava, Baadur"]
[Black "Goltsev, Dmitry"]
[WhiteFideId "13601520"]
[BlackFideId "24176710"]
[WhiteElo "2582"]
[BlackElo "2327"]
[Result "1-0"]
[Round "05"]
[TimeControl "180+1"]
[Date "2022.12.20"]
[WhiteClock "0:00:50"]
[BlackClock "0:00:09"]

1. b3 Nf6 2. Bb2 g6 3. Bxf6 exf6 4. c4 Bg7 5. Nc3 f5 6. g3 O-O 7. Bg2 c6 8. e3 d6 9. Nge2 Nd7 10. d4 Nf6 11. Qd3 Re8 12. Rb1 a5 13. a3 d5 14. O-O f4 15. Nxf4 Bf5 16. Qd2 Bxb1 17. Rxb1 dxc4 18. bxc4 Qe7 19. c5 Red8 20. Nd3 Rac8 21. Qc2 Rc7 22. Nb2 Qe6 23. Qa4 Qf5 24. Rf1 Rcd7 25. Nc4 Qd3 26. Nd1 Nd5 27. Ndb2 Qc3 28. Qxa5 Qxa5 29. Nxa5 Nc3 30. Bf3 f5 31. Kg2 Re7 32. Rc1 Nd5 33. Nbc4 g5 34. Rb1 f4 35. Rxb7 Rxb7 36. Nxb7 Rc8 37. e4 Nc3 38. e5 Nb5 39. Nbd6 Rc7 40. Nxb5 cxb5 41. Nd6 fxg3 42. hxg3 Ra7 43. Nxb5 Ra5 44. c6 1-0


[Site "https://www.chess.com"]

[Event "Titled Tuesday Blitz December 20 Late 2022"]
[White "Joubert, Dantelle"]
[Black "Hernandez Jimenez, Alexander Andres"]
[WhiteFideId "14310813"]
[BlackFideId "3900452"]
[WhiteElo "1507"]
[BlackElo "2098"]
[Result "0-1"]
[Round "05"]
[TimeControl "180+1"]
[Date "2022.12.21"]
[WhiteClock "0:00:02"]
[BlackClock "0:01:10"]

1. d4 d5 2. c4 c6 3. Nc3 e6 4. e3 f5 5. Nf3 Nf6 6. g3 Bd6 7. Bg2 O-O 8. O-O Nbd7 9. b3 Ne4 10. Qc2 Ndf6 11. Ne2 Bd7 12. a4 Qe7 13. Ne5 Be8 14. f3 Ng5 15. e4 h6 16. h4 Ngh7 17. exf5 exf5 18. cxd5 Nxd5 19. f4 Bh5 20. Qc4 Nf6 21. Nc3 Bf7 22. Nxf7 Qxf7 23. Bb2 Rae8 24. Rae1 Nxc3 25. Qxc3 Ne4 26. Bxe4 fxe4 27. Re3 Qd5 28. Rfe1 Re6 29. Qc4 Rfe8 30. Qxd5 cxd5 31. Rc1 Bb4 32. Kf2 Bd2 0-1


[Site "https://www.chess.com"]

[Event "Titled Tuesday Blitz December 20 Late 2022"]
[White "Kazakouski, Valery"]
[Black "Migot, Tangi"]
[WhiteFideId "13507443"]
[BlackFideId "662445"]
[WhiteElo "2516"]
[BlackElo "2564"]
[Result "1-0"]
[Round "05"]
[TimeControl "180+1"]
[Date "2022.12.21"]
[WhiteClock "0:00:54"]
[BlackClock "0:00:14"]

1. Nf3 g6 2. d4 Bg7 3. g3 d5 4. c4 c6 5. Nbd2 Nf6 6. Bg2 O-O 7. O-O Bf5 8. b3 Ne4 9. Bb2 a5 10. a3 Nd7 11. h3 h6 12. g4 Nxd2 13. Nxd2 Be6 14. f4 Nf6 15. Qc2 dxc4 16. bxc4 c5 17. d5 Bc8 18. e4 Ne8 19. Bxg7 Nxg7 20. Nf3 e6 21. Rad1 exd5 22. cxd5 b6 23. Ne5 Ba6 24. Nc6 Qh4 25. Qf2 Qxf2+ 26. Rxf2 Bb5 27. Ne7+ Kh7 28. Rb1 Bd3 29. Rxb6 Rfe8 30. d6 Rad8 31. e5 c4 32. Rc6 Ne6 33. Bd5 Nd4 34. Rc7 Rf8 35. Bxc4 Bxc4 36. Rxc4 Nb5 37. a4 Nxd6 38. exd6 Rxd6 39. f5 g5 40. Nc6 Rc8 41. Ne5 Rxc4 42. Nxc4 Rd4 43. Nxa5 Rxa4 44. Nc6 Ra3 45. Kg2 h5 46. Ne5 hxg4 47. hxg4 Ra4 48. Kg3 Ra3+ 49. Rf3 Ra7 50. Rd3 Kg7 51. Rd7 Ra3+ 52. Kf2 Kf6 53. Nxf7 Ra2+ 54. Ke1 Ra3 55. Nh6 Rh3 56. Rd6+ Ke5 57. Rg6 Kf4 58. f6 Rf3 59. f7 Kg3 60. Nf5+ 1-0


[Site "https://www.chess.com"]

[Event "Titled Tuesday Blitz December 20 Late 2022"]
[White "Keymer, Vincent"]
[Black "Mikhalsky, Vladimir"]
[WhiteFideId "12940690"]
[BlackFideId "14144352"]
[WhiteElo "2600"]
[BlackElo "2272"]
[Result "1-0"]
[Round "05"]
[TimeControl "180+1"]
[Date "2022.12.21"]
[WhiteClock "0:00:21"]
[BlackClock "0:00:01"]

1. a3 e5 2. c4 Nf6 3. d3 Nc6 4. Nf3 g6 5. g3 Bg7 6. Bg2 O-O 7. O-O e4 8. dxe4 Nxe4 9. Ra2 d6 10. b3 Re8 11. Bb2 Bxb2 12. Rxb2 Qf6 13. Ra2 a5 14. Nfd2 Nc5 15. e3 Bf5 16. Qc1 a4 17. b4 Nd3 18. Qc3 Kg7 19. Qxf6+ Kxf6 20. Nc3 Nde5 21. Rd1 Kg7 22. h3 Bd3 23. Nd5 Rac8 24. Rc1 Bf5 25. f4 Nd7 26. Kf2 Nf6 27. g4 Ne4+ 28. Ke2 Nxd2 29. Rxd2 Be4 30. Bxe4 Rxe4 31. Kf3 Ree8 32. e4 Ne7 33. Ne3 Nc6 34. Nd5 Ne7 35. Nc3 Ra8 36. Nb5 Rac8 37. c5 dxc5 38. Rxc5 Nc6 39. Nc3 Red8 40. Rcd5 Rxd5 41. Rxd5 Ra8 42. e5 Kf8 43. Rd7 Ke8 44. Rxc7 Rd8 45. Ke3 1-0


[Site "https://www.chess.com"]

[Event "Titled Tuesday Blitz December 20 Late 2022"]
[White "Kleiman, Jake"]
[Black "Kim, Sergey"]
[WhiteFideId "2020041"]
[BlackFideId "13700570"]
[WhiteElo "2646"]
[BlackElo "2499"]
[Result "1-0"]
[Round "05"]
[TimeControl "180+1"]
[Date "2022.12.21"]
[WhiteClock "0:00:29"]
[BlackClock "0:00:14"]

1. Nf3 Nf6 2. g3 g6 3. Bg2 Bg7 4. O-O d6 5. d3 O-O 6. e4 e5 7. a4 a5 8. Nbd2 c6 9. Nc4 Qc7 10. b3 Re8 11. Ba3 Bf8 12. Re1 Na6 13. d4 b6 14. dxe5 dxe5 15. Bxf8 Kxf8 16. Qd6+ Qxd6 17. Nxd6 Re7 18. Nc4 Nd7 19. Bh3 Nac5 20. Rad1 Rb8 21. Rd6 Ba6 22. Nfd2 Bb7 23. f3 Kg7 24. Kf2 f6 25. Rd1 h6 26. Nf1 f5 27. exf5 Nf6 28. fxg6 e4 29. Bf5 exf3 30. Kxf3 Bc8 31. g4 h5 32. h3 hxg4+ 33. hxg4 Bd7 34. Ng3 Be8 35. Nh5+ Nxh5 36. gxh5 b5 37. axb5 cxb5 38. Ne3 a4 39. b4 Nb7 40. Rb6 Ra8 41. Ng4 a3 42. h6+ Kg8 43. Nf6+ Kf8 44. g7+ 1-0


[Site "https://www.chess.com"]

[Event "Titled Tuesday Blitz December 20 Late 2022"]
[White "Kleinman, Michael"]
[Black "Vlassov, Nikolai"]
[WhiteFideId "2609479"]
[BlackFideId "4103360"]
[WhiteElo "2287"]
[BlackElo "2324"]
[Result "1-0"]
[Round "05"]
[TimeControl "180+1"]
[Date "2022.12.21"]
[WhiteClock "0:00:13"]
[BlackClock "0:00:04"]

1. e4 c5 2. Nf3 d6 3. d4 cxd4 4. Qxd4 Nc6 5. Bb5 a6 6. Bxc6+ bxc6 7. O-O e5 8. Qd3 Ne7 9. c4 Ng6 10. Nc3 Be7 11. b3 O-O 12. Rd1 Be6 13. Ba3 Qa5 14. Na4 Rad8 15. Qe3 f5 16. exf5 Rxf5 17. Nd4 Bg5 18. Qe4 Rf4 19. Qxc6 exd4 20. Bxd6 Rf7 21. Nc5 Bg4 22. Nb7 Qc3 23. Nxd8 Bxd1 24. Qe8+ Rf8 25. Bxf8 1-0


[Site "https://www.chess.com"]

[Event "Titled Tuesday Blitz December 20 Late 2022"]
[White "Kohler, Aran"]
[Black "Postnikov, Artem"]
[WhiteFideId "1002856"]
[BlackFideId "34153575"]
[WhiteElo "2338"]
[BlackElo "2243"]
[Result "1/2-1/2"]
[Round "05"]
[TimeControl "180+1"]
[Date "2022.12.21"]
[WhiteClock "0:00:33"]
[BlackClock "0:00:04"]

1. d4 Nf6 2. c4 e6 3. Nc3 Bb4 4. Bd2 O-O 5. Nf3 d5 6. c5 b6 7. a3 Bxc3 8. Bxc3 Ne4 9. cxb6 axb6 10. Rc1 Ba6 11. e3 Bxf1 12. Kxf1 c5 13. g3 c4 14. Bb4 Re8 15. Kg2 Nc6 16. Be1 b5 17. Nd2 Nxd2 18. Bxd2 Qb6 19. Qe1 Reb8 20. Bb4 Nxb4 21. Qxb4 Ra4 22. Qe7 Qb7 23. Qxb7 Rxb7 24. Rc2 g5 25. h3 b4 26. axb4 Raxb4 27. Rb1 Rb3 28. Kf3 c3 29. Kg4 h6 30. Rbc1 cxb2 31. Rb1 Kg7 32. h4 Kg6 33. h5+ Kg7 34. Kf3 f5 35. Ke2 g4 36. Kd2 Kf6 37. Rc8 Kg5 38. Rg8+ Kf6 39. Rg6+ Ke7 40. Rxh6 Kd6 41. Rg6 Rh7 42. h6 Rb8 43. Kc2 Rc7+ 44. Kd2 Rh7 45. Kc2 Rc7+ 46. Kd2 Rh7 1/2-1/2


[Site "https://www.chess.com"]

[Event "Titled Tuesday Blitz December 20 Late 2022"]
[White "Koutlas, Nikolaos"]
[Black "Gorodetzky, David"]
[WhiteFideId "25827138"]
[BlackFideId "2813416"]
[WhiteElo "2167"]
[BlackElo "2484"]
[Result "0-1"]
[Round "05"]
[TimeControl "180+1"]
[Date "2022.12.20"]
[WhiteClock "0:00:04"]
[BlackClock "0:00:08"]

1. Nf3 Nf6 2. g3 b6 3. Bg2 Bb7 4. O-O g6 5. c4 c5 6. Nc3 Bg7 7. b3 d5 8. cxd5 Nxd5 9. Bb2 O-O 10. Qc2 Nc6 11. Nxd5 Qxd5 12. Bxg7 Kxg7 13. e4 Qd7 14. Rfd1 e5 15. Qc3 f6 16. a3 a5 17. Bf1 Nd4 18. Nxd4 cxd4 19. Qd3 f5 20. exf5 Qd5 21. f3 Rxf5 22. Bg2 Raf8 23. Rac1 Rxf3 24. Rc7+ Kh6 25. Bxf3 Rxf3 26. Qe2 d3 27. Qg2 Qd4+ 28. Kh1 Rf1+ 29. Rxf1 Bxg2+ 30. Kxg2 Qd5+ 31. Kh3 Kg5 32. Rff7 h5 33. Rfd7 Qxb3 34. Rc6 Qd1 35. Rdd6 Qg4+ 36. Kg2 Qe4+ 37. Kg1 Qe1+ 38. Kg2 Qxd2+ 39. Kh3 Kf5 40. Rf6+ Ke4 41. Rxg6 Qe2 42. Rge6 Kd5 43. Rcd6+ Kc4 44. Rxb6 d2 45. Rbc6+ Kd5 46. Rcd6+ Ke4 47. Re7 d1=Q 48. Rxd1 Qxd1 49. Re6 Qg4+ 50. Kg2 Qxe6 51. h3 Qd5 52. g4 Kf4+ 53. Kf2 Qd2+ 0-1


[Site "https://www.chess.com"]

[Event "Titled Tuesday Blitz December 20 Late 2022"]
[White "Kravtsiv, Martyn"]
[Black "Mendez Fortes, Eduardo Jesus"]
[WhiteFideId "14113147"]
[BlackFideId "3502376"]
[WhiteElo "2695"]
[BlackElo "2307"]
[Result "1-0"]
[Round "05"]
[TimeControl "180+1"]
[Date "2022.12.20"]
[WhiteClock "0:00:11"]
[BlackClock "0:00:08"]

1. e4 e5 2. Nf3 Nc6 3. Nc3 Nf6 4. a4 d5 5. exd5 Nxd5 6. Bb5 Nxc3 7. bxc3 Bd6 8. O-O O-O 9. d4 exd4 10. cxd4 Bg4 11. c3 Qf6 12. a5 a6 13. Bd3 h6 14. h3 Bxf3 15. Qxf3 Qxf3 16. gxf3 Ne7 17. c4 c5 18. d5 Ng6 19. Rb1 Rab8 20. Rb3 Ne5 21. Be2 Rfe8 22. Be3 Ng6 23. Rfb1 Re7 24. Rb6 Bc7 25. d6 Bxb6 26. dxe7 Bxa5 27. Rxb7 Re8 28. Bxc5 Bc3 29. Bd1 Rc8 30. Ba4 Nxe7 31. Bxe7 Rxc4 32. Bb3 Rf4 33. Kg2 a5 34. Bd6 Rf6 35. Bg3 g6 36. Bh4 Rf4 37. Bg3 Rf6 38. Ra7 Kg7 39. Bd5 h5 40. Kf1 Rf5 41. Be4 Rf6 42. Ke2 Rb6 43. Bd5 Rf6 44. Kd3 Bb2 45. Rxa5 Rf5 46. Rb5 Bf6 47. Bc4 Rxf3+ 48. Ke2 Rc3 49. Bd3 Ra3 50. Rb7 Ra2+ 51. Kf1 Ra4 52. Bc2 Ra1+ 53. Kg2 h4 54. Bf4 g5 55. Be3 Be5 56. Bxg5 Ra5 57. Bxh4 Kh6 58. Rxf7 Bg7 59. Bg3 Ra3 60. Bf4+ Kh5 61. Rf5+ Kg6 62. Ra5+ Rd3 63. Ra3 Kh5 64. Rxd3 Bc3 65. Kf3 Kh4 66. Ke4 Bd2 67. Rxd2 Kxh3 68. Bh6 Kg2 69. Rd7 Kh3 70. Bd3 Kg2 71. Be2 Kh2 72. Bf3 Kg1 73. Rd1+ Kxf2 74. Be3+ Kg3 75. Rg1+ Kh4 76. Bf4 Kh3 77. Rh1# 1-0


[Site "https://www.chess.com"]

[Event "Titled Tuesday Blitz December 20 Late 2022"]
[White "Leitao, Rafael"]
[Black "Van Foreest, Jorden"]
[WhiteFideId "2101246"]
[BlackFideId "1039784"]
[WhiteElo "2609"]
[BlackElo "2663"]
[Result "0-1"]
[Round "05"]
[TimeControl "180+1"]
[Date "2022.12.20"]
[WhiteClock "0:00:18"]
[BlackClock "0:01:17"]

1. c4 Nc6 2. Nc3 e5 3. Nf3 f5 4. d4 e4 5. Ng5 Bb4 6. Nh3 Nf6 7. Bg5 h6 8. Bxf6 Qxf6 9. e3 Bxc3+ 10. bxc3 O-O 11. Nf4 d6 12. h4 Bd7 13. h5 Be8 14. Be2 Bf7 15. O-O b6 16. Rb1 Na5 17. Qa4 c5 18. Rfd1 Rfd8 19. Rd2 Rac8 20. Rbd1 Kh7 21. g3 Rc7 22. Nd5 Bxd5 23. cxd5 cxd4 24. cxd4 Qf7 25. Qb5 Rdc8 26. a4 Rc3 27. Kg2 R8c7 28. Qa6 Qxd5 29. Qb5 Qxb5 30. axb5 d5 31. g4 Nc4 32. Ra2 Rf7 33. gxf5 Rxf5 34. Rda1 Rg5+ 35. Kh2 Na5 36. Ra3 Rc2 37. R1a2 Rc7 38. Ra1 Rf7 39. f3 exf3 40. Bd3+ Kg8 41. Bg6 Rf8 42. Rf1 Nc4 43. Rxa7 Nxe3 0-1


[Site "https://www.chess.com"]

[Event "Titled Tuesday Blitz December 20 Late 2022"]
[White "Li, Hui"]
[Black "Izeta Txabarri, Felix"]
[WhiteFideId "15400310"]
[BlackFideId "2200260"]
[WhiteElo "1954"]
[BlackElo "2450"]
[Result "0-1"]
[Round "05"]
[TimeControl "180+1"]
[Date "2022.12.21"]
[WhiteClock "0:00:01"]
[BlackClock "0:00:10"]

1. e4 c6 2. d4 d5 3. Nd2 dxe4 4. Nxe4 Bf5 5. Ng3 Bg6 6. h4 h6 7. Nf3 Nd7 8. h5 Bh7 9. Bd3 Bxd3 10. Qxd3 Qc7 11. Bd2 e6 12. O-O-O O-O-O 13. Kb1 Ngf6 14. Ne4 Nxe4 15. Qxe4 Bd6 16. c4 Nf6 17. Qe2 c5 18. Bc3 cxd4 19. Nxd4 a6 20. Nb3 Qc6 21. f3 Bc7 22. Bxf6 gxf6 23. g4 Rxd1+ 24. Rxd1 Rd8 25. Rxd8+ Kxd8 26. Qd2+ Ke7 27. Qb4+ Bd6 28. Qc3 Be5 29. Qd3 Qb6 30. Kc2 Qf2+ 31. Nd2 Bf4 32. b4 Bxd2 33. Qxd2 Qxf3 34. Qxh6 Qxg4 35. Kb3 Qf3+ 36. Kb2 Qe2+ 37. Kb3 Qd3+ 38. Kb2 Qxc4 39. Qd2 Kf8 40. h6 Ke7 41. Qc3 Qe2+ 42. Kb3 Qd1+ 43. Kb2 Qd6 44. a3 Qh2+ 45. Kb3 Qxh6 46. Qc7+ Kf8 47. Qxb7 Qe3+ 48. Kb2 Qe2+ 49. Kb3 f5 50. Qb8+ Kg7 51. Qg3+ Kf6 52. Qh4+ Ke5 53. Qh8+ f6 54. Qb8+ Ke4 55. Qb7+ Kf4 56. Qc7+ e5 57. Qc1+ Kg4 0-1


[Site "https://www.chess.com"]

[Event "Titled Tuesday Blitz December 20 Late 2022"]
[White "Lopez Idarraga, Daniel Eduardo"]
[Black "Colpe, Malte"]
[WhiteFideId "4405501"]
[BlackFideId "24623075"]
[WhiteElo "2064"]
[BlackElo "2328"]
[Result "1-0"]
[Round "05"]
[TimeControl "180+1"]
[Date "2022.12.21"]
[WhiteClock "0:00:09"]
[BlackClock "0:00:02"]

1. b3 d5 2. Bb2 Nf6 3. e3 e6 4. f4 Be7 5. Nf3 O-O 6. Bd3 c5 7. O-O Nc6 8. Ne5 Nb4 9. Be2 d4 10. a3 Na6 11. Bd3 Nc7 12. Rf3 g6 13. Rh3 Ncd5 14. Qe1 b6 15. Nc6 Qc7 16. Nxe7+ Qxe7 17. Qh4 Nh5 18. Be4 Qxh4 19. Rxh4 f5 20. Bf3 dxe3 21. c4 e2 22. Nc3 Nxc3 23. Bxc3 Rb8 24. Be5 Rb7 25. Bxb7 Bxb7 26. Re1 Rd8 27. Rxe2 Rd3 28. Bc3 Be4 29. Re3 Rd7 30. g4 Ng7 31. Bxg7 Kxg7 32. gxf5 exf5 33. d3 Bxd3 34. Kf2 Be4 35. Ke1 Kf6 36. Rhh3 a5 37. a4 Kg7 38. Re2 h6 39. Rd2 Re7 40. Re3 Re6 41. Rd7+ Kf6 42. Kf2 g5 43. Kg3 Kg6 44. h4 g4 45. Re2 Kf6 46. Red2 Bc6 47. R7d6 Be4 48. Rxe6+ Kxe6 49. Kf2 Ke7 50. Ke3 Ke6 51. h5 g3 52. Rd8 g2 53. Rg8 Kf7 54. Rg6 Bc2 55. Rxg2 Bxb3 56. Kd3 Bxa4 57. Kc3 Be8 58. Rg6 b5 59. cxb5 Bxb5 60. Rxh6 Be2 61. Rc6 Bxh5 62. Rxc5 Kf6 63. Rxa5 Bf3 64. Kd4 1-0


[Site "https://www.chess.com"]

[Event "Titled Tuesday Blitz December 20 Late 2022"]
[White "Makarian, Rudik"]
[Black "Fernandez De La Vara, Arnaldo"]
[WhiteFideId "44105681"]
[BlackFideId "3518388"]
[WhiteElo "2440"]
[BlackElo "2387"]
[Result "1-0"]
[Round "05"]
[TimeControl "180+1"]
[Date "2022.12.20"]
[WhiteClock "0:00:15"]
[BlackClock "0:00:06"]

1. d4 c5 2. d5 Nf6 3. c4 b5 4. cxb5 a6 5. e3 g6 6. Nc3 Bg7 7. a4 e6 8. dxe6 fxe6 9. Nf3 O-O 10. Be2 d5 11. O-O axb5 12. Bxb5 Ba6 13. Ra3 Qb6 14. Rb3 Nc6 15. Bxa6 Qxa6 16. Rb5 Na7 17. Rxc5 Qb6 18. b4 Qxb4 19. Rc7 Qb6 20. Re7 Nc8 21. Rxg7+ Kxg7 22. Qd2 Nd6 23. Nb5 Nc4 24. Qb4 Ne4 25. Nfd4 Kg8 26. f3 Nc5 27. Qe1 Nd3 28. Qh4 Rxa4 29. Qe7 Nc5 30. h4 Raa8 31. Nc3 Qd6 32. Qg5 Qe5 33. Qg4 Rae8 34. Nc6 Qxc3 35. h5 Ne5 36. Nxe5 Qxe5 37. Qb4 Nd3 38. Qb3 Nxc1 39. Rxc1 Qxh5 40. Rc7 Rf7 41. Rc6 Qg5 42. Kf2 Qh4+ 43. Ke2 Qd8 44. Qb5 Qd7 45. Qc5 Qa7 46. Qd6 Rd7 47. Qe5 Qa2+ 48. Kf1 Qb1+ 49. Kf2 Qa2+ 50. Kg3 Qa7 51. Kf2 Qb8 52. Qc3 Qb7 53. g4 Ree7 54. Rc8+ Kf7 55. Qh8 Qxc8 56. Qxc8 Kg7 57. Qc3+ e5 58. Qb2 d4 59. Qd2 d3 60. Kg3 e4 61. fxe4 Rxe4 62. Kf3 Re6 63. Kf2 Rf7+ 64. Ke1 Rd6 65. Qc3+ Kg8 66. Qc8+ Kg7 67. Qc3+ Kf8 68. Qh8+ Ke7 69. Qe5+ Kd7 70. Qb5+ Kc7 71. Qc4+ Kd8 72. Qxf7 d2+ 73. Kd1 Rd7 74. Qf8+ Kc7 75. Qc5+ Kd8 76. e4 Ke8 77. e5 Kf7 78. Qc6 Ke7 79. Qf6+ Ke8 80. e6 Rc7 81. Qh8+ Ke7 82. Qxh7+ Kd6 83. Qxg6 Re7 84. Kxd2 Rxe6 85. Qf5 Re5 86. Qf8+ Ke6 87. Kd3 Rd5+ 88. Ke4 Re5+ 89. Kf4 Rd5 90. Qg8+ Kd6 91. Qxd5+ Kxd5 92. Kf5 1-0


[Site "https://www.chess.com"]

[Event "Titled Tuesday Blitz December 20 Late 2022"]
[White "Marchesich, Giovanni"]
[Black "Kaplan, Avi Harrison"]
[WhiteFideId "2824790"]
[BlackFideId "30934559"]
[WhiteElo "2200"]
[BlackElo "1983"]
[Result "0-1"]
[Round "05"]
[TimeControl "180+1"]
[Date "2022.12.21"]
[WhiteClock "0:01:12"]
[BlackClock "0:00:48"]

1. d4 Nf6 2. Nc3 d5 3. Bf4 c5 4. e4 cxd4 5. Qxd4 Nc6 6. Bb5 Bd7 7. Bxc6 Bxc6 8. e5 Nd7 9. Nf3 e6 10. O-O-O Bc5 11. Qd2 O-O 12. Nd4 a5 13. h4 a4 14. a3 Qe7 15. h5 Bxa3 16. bxa3 Qxa3+ 17. Kb1 Ra6 18. Ncb5 Bxb5 19. Nxb5 Rb6 20. c4 dxc4 21. Qb2 Qxb2+ 22. Kxb2 Rxb5+ 23. Ka2 Nc5 24. h6 Nd3 25. hxg7 Rc8 26. Bc1 Nxc1+ 27. Rxc1 Kxg7 28. f4 c3 29. Rh3 Rb2+ 30. Ka3 Rb3+ 31. Ka2 b5 32. Rch1 Rb2+ 33. Ka1 Rc4 34. Rxh7+ Kf8 35. Rh8+ Ke7 36. Rb8 Rcb4 37. Rb7+ Kf8 38. Rb8+ Kg7 39. Rbh8 Rb1+ 0-1


[Site "https://www.chess.com"]

[Event "Titled Tuesday Blitz December 20 Late 2022"]
[White "Marcolino, Daniel Mattos"]
[Black "Munoz, Francisco Javier"]
[WhiteFideId "2106841"]
[BlackFideId "128368"]
[WhiteElo "2129"]
[BlackElo "2383"]
[Result "0-1"]
[Round "05"]
[TimeControl "180+1"]
[Date "2022.12.21"]
[WhiteClock "0:00:18"]
[BlackClock "0:00:56"]

1. d4 d5 2. Nf3 e6 3. g3 f5 4. Bg2 Nf6 5. O-O Bd6 6. c4 c6 7. b3 O-O 8. Ba3 Ne4 9. Bxd6 Qxd6 10. Nbd2 Nc3 11. Qe1 Nd7 12. e3 b6 13. Nb1 Ne4 14. Nbd2 a5 15. Qc1 Ba6 16. Rd1 Kh8 17. Qb2 Rg8 18. cxd5 cxd5 19. Rac1 Raf8 20. Rc2 g5 21. Rdc1 Nxd2 22. Nxd2 f4 23. e4 fxg3 24. hxg3 Rg7 25. exd5 exd5 26. Rc6 Qe7 27. Nf3 Rgf7 28. R6c3 g4 29. Ne5 Rxf2 30. Qxf2 Rxf2 31. Kxf2 Nxe5 32. dxe5 Qxe5 33. R1c2 d4 34. Rc6 Qe3# 0-1


[Site "https://www.chess.com"]

[Event "Titled Tuesday Blitz December 20 Late 2022"]
[White "Martinez Reyes, Pedro Ramon"]
[Black "Pakleza, Zbigniew"]
[WhiteFideId "3901807"]
[BlackFideId "1119290"]
[WhiteElo "2354"]
[BlackElo "2410"]
[Result "1-0"]
[Round "05"]
[TimeControl "180+1"]
[Date "2022.12.21"]
[WhiteClock "0:00:17"]
[BlackClock "0:00:01"]

1. e4 d6 2. d4 Nf6 3. Bd3 e5 4. Nf3 exd4 5. Nxd4 Nbd7 6. O-O Nc5 7. Nc3 Be7 8. Re1 O-O 9. Bf1 Re8 10. f3 a5 11. a4 c6 12. Be3 Bf8 13. Bf2 Bd7 14. Qd2 Qc7 15. Rad1 Rad8 16. Qf4 Bc8 17. Nf5 Nh5 18. Qg5 g6 19. Nh6+ Kh8 20. Bd4+ f6 21. Ng4 Ne6 22. Bxf6+ Nxf6 23. Qxf6+ Bg7 24. Qh4 Qb6+ 25. Kh1 Qxb2 26. Ne2 g5 27. Qh5 Qxc2 28. Rxd6 Qxa4 29. Ng3 Rf8 30. Rxd8 Rxd8 31. Nf5 Nf4 32. Qf7 Bxf5 33. exf5 Rf8 34. Re8 Qb4 35. f6 1-0


[Site "https://www.chess.com"]